 Dungeon Crawl Stone Soup version 0.29.1-15-g9cfb28693d (webtiles) character file.

Game seed: 7769304245223155695

636 hawla the Firebug (level 8, -2/58 HPs)
             Began as a Meteoran Fire Elementalist on Apr 22, 2023.
             Slain by a scorpion (4 damage)
             ... on level 5 of the Dungeon.
             The game lasted 00:05:36 (1552 turns).

hawla the Firebug (Meteoran Fire Elementalist)      Turns: 1552, Time: 00:05:37

Health: -2/58      AC:  2    Str: 10    XL:     8   Next: 7%
Magic:  5/18       EV: 13    Int: 18    God:
Gold:   95         SH:  0    Dex: 15    Spells: 16/19 levels left

rFire   . . .      SeeInvis .   l - +1 spear (venom)
rCold   . . .      Faith    .   (no shield)
rNeg    . . .      Spirit   .   a - +0 robe
rPois   .          Reflect  .   (no helmet)
rElec   .          Harm     .   (no cloak)
rCorr   .          Rampage  .   (no gloves)
Will    +....                   (no boots)
Stlth   +.........              (no amulet)
HPRegen 0.19/turn               (no ring)
MPRegen 0.16/turn               (no ring)

@: lethally poisoned (-2 -> -5), glowing
A: sense surroundings 1, otherworldly, glowing, explore regen
a: no special abilities


You were on level 5 of the Dungeon.
You visited 1 branch of the dungeon, and saw 5 of its levels.

You collected 95 gold pieces.

Inventory:

Hand Weapons
 f - a +0 quarterstaff
 l - a +1 spear of venom (weapon)
Armour
 a - a +0 robe (worn)
Wands
 i - a wand of flame (12)
 n - a wand of digging (8)
Scrolls
 h - a scroll of noise
 j - a scroll of identify
Potions
 b - a potion of ambrosia {unknown}
 c - a potion of flight {unknown}
 d - a potion of brilliance
 e - a potion of curing {unknown}
 g - a potion of degeneration {unknown}
 k - a potion of cancellation {unknown}


   Skills:
 + Level 0.7 Fighting
 + Level 1.2 Polearms
 + Level 3.9 Dodging
 - Level 1.4 Stealth
 + Level 6.2 Spellcasting
 + Level 2.5 Conjurations
 + Level 7.1 Fire Magic


You had 16 spell levels left.
You knew the following spells:

 Your Spells              Type           Power      Damage    Failure   Level
a - Foxfire               Conj/Fire      92%        2x1d8     1%          1
b - Scorch                Fire           62%        2d8       1%          2

Your spell library contained the following spells:

 Spells                   Type           Power      Damage    Failure   Level
 Conjure Flame            Conj/Fire      23%        6-21      4%          3
 Inner Flame              Hex/Fire       18%        N/A       9%          3
 Flame Wave               Conj/Fire      23%        2d8       16%         4


Dungeon Overview and Level Annotations

Branches:
Dungeon (5/15) Zot: 1443
 Temple: D:4-7

Altars:


Innate Abilities, Weirdness & Mutations

You passively map a small area around you.
You are easily found by Zot.
You glow in the dark.
You regain HP and MP as you explore.


Message History

You are more poisoned.
The scorpion poisons you!
Unknown command.
Casting: Scorch (safe; 1% risk of failure)
Confirm with . or Enter, or press ? or * to list all spells.
Flames lash the iguana.
The iguana is burned terribly!
You kill the iguana!
You feel very sick. The scorpion barely misses you.
Unknown command.
Casting: Scorch (safe; 1% risk of failure)
Confirm with . or Enter, or press ? or * to list all spells.
Flames lash the scorpion but do no damage.
* * * LOW HITPOINT WARNING * * *
You feel very sick. The scorpion stings you.
* * * LOW HITPOINT WARNING * * *
Casting: Scorch (safe; 1% risk of failure)
Confirm with . or Enter, or press ? or * to list all spells.
Flames lash the scorpion.
The scorpion is moderately wounded.
The scorpion's fire resistance burns away.
* * * LOW HITPOINT WARNING * * *
You feel very sick. The scorpion barely misses you.
The scorpion closely misses you.
* * * LOW HITPOINT WARNING * * *
You feel sick.
A hound comes into view.
* * * LOW HITPOINT WARNING * * *
You feel very sick.
The scorpion is no longer more vulnerable to fire.
* * * LOW HITPOINT WARNING * * *
You feel sick. The scorpion attacks as you move away! The scorpion stings you.
* * * LOW HITPOINT WARNING * * *
x2 You feel sick.
The scorpion attacks as you move away! The scorpion barely misses you.
* * * LOW HITPOINT WARNING * * *
You feel sick. The scorpion stings you.
You die...

, , ** ..... , * ,
..... , *.(.... ,
*...... , * #....., ,
* ##...., )
.###########†.##....
.......@s.l........#
,..
#.#########.#####...#
.#*#.* #..# # * ,
..#. ####h## *,
.#.#####....######.#
,
............).......
,,
*#......#########...
, #.####JS# * *
#.<....J#####*


You could see a scorpion and an iguana.

Vanquished Creatures
  Eustachio (D:5)
  Pargi (D:4)
  An ogre (D:4)
  A black bear (D:4)
  A scorpion (D:4)
  A hound (D:5)
  3 iguanas
  4 adders (D:4)
  A shadow imp (D:5)
  2 endoplasms (D:4)
  2 giant cockroaches (D:4)
  4 hobgoblins
  4 jackals
  A kobold (D:4)
  2 ball pythons (D:4)
  A bat (D:1)
  A frilled lizard (D:2)
  3 goblins (D:4)
34 creatures vanquished.

Vanquished Creatures (others)
  52 foxfires
52 creatures vanquished.

Grand Total: 86 creatures vanquished

Notes
Turn   | Place    | Note
-------+----------+-------------------------------------------
     0 | D:1      | hawla the Meteoran Fire Elementalist began the quest for
                  | the Orb.
     0 | D:1      | Reached XP level 1. HP: 14/14 MP: 5/5
    78 | D:1      | Reached XP level 2. HP: 13/20 MP: 3/6
   197 | D:4      | Reached skill level 4 in Fire Magic
   295 | D:4      | Learned a level 2 spell: Scorch
   311 | D:5      | Entered Level 5 of the Dungeon
   314 | D:5      | Reached XP level 3. HP: 23/26 MP: 1/8
   329 | D:4      | Reached XP level 4. HP: 17/33 MP: 1/10
   478 | D:4      | Noticed a black bear
   485 | D:4      | Killed a black bear
   486 | D:4      | Reached skill level 5 in Fire Magic
   486 | D:4      | Reached XP level 5. HP: 38/38 MP: 4/12
   487 | D:4      | Noticed Pargi
   489 | D:4      | Noticed an ogre
   493 | D:4      | Killed Pargi
   494 | D:4      | Reached XP level 6. HP: 45/45 MP: 12/14
   497 | D:4      | Killed an ogre
   498 | D:4      | Reached skill level 5 in Spellcasting
   498 | D:4      | Reached skill level 6 in Fire Magic
   498 | D:4      | Reached XP level 7. HP: 50/50 MP: 5/15
  1507 | D:5      | Noticed Eustachio
  1529 | D:5      | Killed Eustachio
  1530 | D:5      | Reached skill level 1 in Polearms
  1530 | D:5      | Reached skill level 7 in Fire Magic
  1533 | D:5      | Reached XP level 8. HP: 33/58 MP: 5/18
  1551 | D:5      | HP: 2/58 [poisoned by a scorpion]
  1552 | D:5      | Slain by a scorpion

Illustrated notes

Levels and vault maps discovered:
D:1:      ldierk_walled_garden_2, layout_basic, minmay_tromino_i4
D:2:      layout_loops_corners, dreamdust_ecumenical_altar_hidden_monk_grotto,
          minmay_tree_intersection, kennysheep_generic_room_13
D:3:      kennysheep_the_goblin_king, layout_basic, grunt_ministairs_5,
          lexackson_kobold_supper
D:4:      layout_layer_cave, uniq_pargi
D:5:      layout_rooms, minmay_temple_entry_mini_moons, uniq_eustachio

Skill      XL: |  1  2  3  4  5  6  7 |
---------------+----------------------+-----
Fire Magic     | 4 5 6 7 |  7.1
Spellcasting   | 3 4 5 6 |  6.2
Dodging        | 3 |  3.9
Conjurations   | 2 |  2.5
Polearms       | 1 |  1.2
Fighting       | |  0.7
Stealth        | |  1.4

Action                   |  1- 3 |  4- 6 |  7- 9 || total
-------------------------+-------+-------+-------++-------
Melee: Unarmed           |     4 |       |       ||     4
       Spear             |       |       |    46 ||    46
 Cast: Foxfire           |    17 |     9 |     7 ||    33
       Scorch            |     3 |     7 |    12 ||    22
  Use: Scroll            |     2 |       |     4 ||     6
       Potion            |       |     1 |       ||     1
Armor: Robe              |     1 |       |    10 ||    11
Dodge: Dodged            |    12 |     3 |    25 ||    40
